 Dungeon Crawl Stone Soup version 0.26-a0-661-g406de6ba63 (webtiles) character file.

Game seed: 14088153608262905550

61247 Gargoyl the Fighter (level 15, -6/119 HPs)
             Began as a Gnoll Abyssal Knight on Oct 9, 2020.
             Was a High Priest of Lugonu.
             Mangled by a two-headed ogre
             ... wielding a +5 vorpal giant spiked club
              (18 damage)
             ... on level 11 of the Dungeon.
             The game lasted 00:25:25 (17576 turns).

Gargoyl the Fighter (Gnoll Abyssal Knight)         Turns: 17576, Time: 00:25:25

Health: -6/119     AC: 26    Str: 23    XL:     15   Next: 2%
Magic:  28/28      EV: 13    Int: 11    God:    Lugonu [*****.]
Gold:   1304       SH: 12    Dex: 17    Spells: 33/33 levels left

rFire    . . .     SeeInvis .   H - +11 war axe of the Ancients {elec, rPois Str+4 Int-5}
rCold    + . .     Faith    .   x - +0 kite shield (curse)
rNeg     . . .     Spirit   .   c - +2 chain mail
rPois    +         Reflect  .   w - +2 helmet
rElec    +         Harm     .   b - +1 cloak {rPois}
rCorr    +         Rampage  .   D - +0 pair of gloves
MR       +....                  G - +0 pair of boots
Stlth    +.........             F - amulet of regeneration
HPRegen  0.69/turn              z - +4 ring of protection
MPRegen  0.21/turn              f - ring of resist corrosion

@: lethally poisoned (-6 -> -6)
A: distributed training, fangs 1, agile 1, cold resistance 1, electricity
resistance, strong nose
a: Depart the Abyss, Bend Space, Banish, Corrupt, Enter the Abyss, Renounce
Religion


You were on level 11 of the Dungeon.
You worshipped Lugonu.
Lugonu was extremely pleased with you.
You visited 2 branches of the dungeon, and saw 17 of its levels.
You visited the Abyss 2 times.

You collected 1304 gold pieces.

Inventory:

Hand Weapons
 a - a +3 hand axe
 p - the +8 trident of Yterok {venom, +Blink}
   (You found it on level 7 of the Dungeon)

   It poisons the flesh of those it strikes.
   It lets you blink.
 H - the +11 war axe of the Ancients (weapon) {elec, rPois Str+4 Int-5}
   (You found it on level 10 of the Dungeon)

   Occasionally, upon striking a foe, it will discharge some electrical energy
   and cause terrible harm.
   It affects your strength (+4).
   It affects your intelligence (-5).
   It protects you from poison.
Missiles
 C - a silver javelin
 L - 6 curare-tipped darts (quivered)
Armour
 b - a +1 cloak of poison resistance (worn)
 c - a +2 chain mail (worn)
 w - a +2 helmet (worn)
 x - a cursed +0 kite shield (worn)
 D - a +0 pair of gloves (worn)
 G - a +0 pair of boots (worn)
Jewellery
 f - a ring of resist corrosion (right hand)
 g - a +4 ring of evasion {unknown}
 l - an uncursed ring of poison resistance
 o - an uncursed ring of positive energy
 z - a +4 ring of protection (left hand)
 F - an amulet of regeneration (around neck)
Wands
 k - a wand of digging (6)
 q - a wand of random effects (29)
 A - a wand of acid (22)
 B - a wand of disintegration (36)
 I - a wand of paralysis (4)
 K - a wand of enslavement (9)
 N - a wand of iceblast (13)
 O - a wand of flame (7)
Scrolls
 d - 2 scrolls of identify
 e - 5 scrolls of teleportation
 u - 5 scrolls of magic mapping
 y - 11 scrolls of remove curse
 E - a scroll of fear
 M - 2 scrolls of fog
 P - a scroll of blinking {unknown}
Potions
 h - 2 potions of resistance
 i - 2 potions of mutation
 j - 4 potions of curing
 m - 3 potions of flight
 n - a potion of ambrosia
 r - 2 potions of invisibility
 s - 5 potions of lignification
 t - 2 potions of might
 v - a potion of haste
 J - a potion of heal wounds


   Skills:
 + Level 11.5 Fighting
 + Level 9.7 Short Blades
 + Level 9.7 Long Blades
 + Level 10.6 Axes
 + Level 9.7 Maces & Flails
 + Level 9.7 Polearms
 + Level 9.7 Staves
 + Level 9.7 Slings
 + Level 9.7 Bows
 + Level 9.7 Crossbows
 + Level 9.7 Throwing
 + Level 10.6 Armour
 + Level 10.0 Dodging
 + Level 9.7 Stealth
 + Level 9.7 Shields
 + Level 9.7 Unarmed Combat
 + Level 9.7 Spellcasting
 + Level 8.1 Conjurations
 + Level 8.1 Hexes
 + Level 8.1 Summonings
 + Level 8.1 Necromancy
 + Level 8.1 Translocations
 + Level 8.1 Transmutations
 + Level 8.1 Fire Magic
 + Level 8.1 Ice Magic
 + Level 8.1 Air Magic
 + Level 8.1 Earth Magic
 + Level 8.1 Poison Magic
 + Level 11.4 Invocations
 + Level 9.7 Evocations


You had 33 spell levels left.
You didn't know any spells.
Your spell library contained the following spells:

 Spells                   Type           Power        Failure   Level
 Beastly Appendage        Tmut           ###...       4%          1
 Magic Dart               Conj           ###.         4%          1
 Shock                    Conj/Air       ###.         4%          1
 Blink                    Tloc           N/A          8%          2
 Call Imp                 Summ           ###.....     8%          2
 Searing Ray              Conj           ###...       8%          2
 Slow                     Hex            ###.....     8%          2
 Swiftness                Air            ###.....     8%          2
 Wereblood                Tmut           ###.....     8%          2
 Conjure Flame            Conj/Fire      ###.....     16%         3
 Dazzling Flash           Conj/Hex       ###...       16%         3
 Mephitic Cloud           Conj/Pois/Air  ###.....     16%         3
 Spider Form              Tmut/Pois      ###.......   16%         3
 Static Discharge         Conj/Air       ###.....     16%         3
 Airstrike                Air            ###.......   45%         4
 Cause Fear               Hex            ###.......   45%         4
 Fulminant Prism          Conj/Hex       ###.......   45%         4
 Ice Form                 Ice/Tmut       ###.....     45%         4
 Iskenderun's Mystic Bla  Conj/Tloc      ###.....     45%         4
 Blade Hands              Tmut           ###.......   80%         5
 Lightning Bolt           Conj/Air       ###.......   80%         5
 Silence                  Hex/Air        ###.......   80%         5
 Yara's Violent Unravell  Hex/Tmut       ###.......   80%         5
 Malign Gateway           Summ/Tloc      ###.......   100%        7
 Monstrous Menagerie      Summ           ###.......   100%        7
 Summon Greater Demon     Summ           ###.......   100%        7
 Discord                  Hex            ###.......   100%        8
 Summon Horrible Things   Summ           ###.......   100%        8


Dungeon Overview and Level Annotations

Branches:
Dungeon (11/15)            Temple (0/1) D:7            Lair (6/6) D:8
 Shoals (0/4) Lair:4       Spider (0/4) Lair:4        Slime (0/5) Lair:5
    Orc (0/2) D:11

Altars:
Ashenzari
Cheibriados
Gozag
Nemelex Xobeh
Qazlal
Trog
Vehumet
Wu Jian
Yredelemnul
Beogh

Shops:
D:9 !

Annotations:
D:11 1 transporter, Unwyj's ghost, journeyman DgVM
Lair:6 3 runed translucent doors, Rushoj's ghost, journeyman MiBe
Abyss:1 Tman's ghost, novice TrFi


Innate Abilities, Weirdness & Mutations

Your experience applies equally to all skills.
You have very sharp teeth.
Your uncanny sense of smell can sniff out nearby items.
You are agile. (Dex +2)
Your flesh is cold resistant. (rC+)
You are resistant to electric shocks. (rElec)


Message History

You barely miss the two-headed ogre.
The two-headed ogre is severely wounded.
You closely miss the troll. You barely miss the troll. You slash Unwyj's ghost!
Lightning courses through Unwyj's ghost!!
You feel sick. You block the two-headed ogre's attack.
The two-headed ogre hits you with a +2 giant spiked club of venom.
You block the troll's attack.
The troll claws you but does no damage. x2
Unwyj's ghost barely misses you. The troll barely misses you.
The troll completely misses you. You block the troll's attack.
The troll closely misses you. The troll barely misses you.
You block the troll's attack.
The orc warrior hits you from afar with a +0 halberd!
The moth of wrath goads the troll on!
The troll goes berserk!
Unwyj's ghost hits you but does no damage.
You block the troll's attack. The troll claws you.
The troll claws you but does no damage.
The two-headed ogre hits you with a +5 vorpal giant spiked club!!
* * * LOW HITPOINT WARNING * * *
x2 The two-headed ogre hits you with a +2 giant spiked club of venom!!
You die...

#.......###
#...#####...##
#..###.O.###..# ##.#
...... ##.## #..
#.##.### #..#
##.##.###.#≈#.##.##
##..#.##§..!#...#..##
#..©#©.#TTo?....#©..#
#...#..(@Wy$#.Ty#...#
#...##...O#≈##.##....>#
+.#. #....# #..#...####
# # ##...# ## #.###
###... #.. ####...#
.....## #####


You could see a two-headed ogre (berserk), a moth of wrath, 2 trolls, an orc
warrior and Unwyj's ghost.

Vanquished Creatures
  4 dire elephants (Lair:6)
  A boulder beetle (Lair:2)
  4 hydras
  4 two-headed ogres
  An anaconda (Lair:6)
  14 death yaks
  Sonja (Lair:5)
  A lindwurm (Lair:6)
  An orb spider (Lair:4)
  A cyclops (D:11)
  11 elephants
  Maurice (D:11)
  8 black mambas
  Joseph (Lair:1)
  12 cane toads
  3 torpor snails
  8 komodo dragons
  3 rime drakes
  4 polar bears
  14 blink frogs
  3 dream sheep (Lair:2)
  The ghost of YoungGLord the Digger, an amateur GrEE (D:6)
  5 basilisks
  8 wyverns
  54 yaks
  17 water moccasins
  9 orc warriors
  A swamp drake (D:11)
  A phantom (D:8)
  An ice beast (D:6)
  A sky beast (D:10)
  3 black bears
  A necrophage (D:11)
  12 wolves
  4 centaurs
  5 ogres
  15 bullfrogs
  6 scorpions
  11 killer bees
  3 electric eels
  4 howler monkeys
  2 bullfrog zombies (D:4)
  3 centaur zombies (D:4)
  10 jellies
  5 hounds
  3 bullfrog skeletons
  Terence (D:2)
  11 orc wizards
  A centaur skeleton (D:4)
  8 orc priests
  3 iguanas
  4 worker ants
  A hound zombie (D:4)
  2 hound skeletons
  A howler monkey zombie (D:4)
  2 worker ant zombies
  14 adders
  3 gnolls (D:4)
  A howler monkey skeleton (D:4)
  3 shadow imps
  3 white imps (D:10)
  2 ufetubi
  4 oozes
  2 adder zombies
  An adder skeleton (D:5)
  A worm (D:3)
  A dart slug (D:2)
  3 leopard geckos
  40 orcs
  2 ball pythons
  8 giant cockroaches
  7 goblins
  3 hobgoblins
  20 jackals
  2 quokkas
  A ball python zombie (D:4)
  11 bats
  7 frilled lizards
  2 jackal zombies (D:4)
  15 kobolds
  2 leopard gecko skeletons (D:4)
  3 leopard gecko zombies (D:4)
  7 rats
487 creatures vanquished.

Vanquished Creatures (collateral kills)
  2 blink frogs (Lair:5)
2 creatures vanquished.

Vanquished Creatures (others)
  An orc wizard (D:11)
  35 fungi
  45 plants
  12 starspawn tentacles (Abyss:1)
93 creatures vanquished.

Grand Total: 582 creatures vanquished

Notes
Turn   | Place    | Note
-------+----------+-------------------------------------------
     0 | Abyss:1  | Gargoyl the Gnoll Abyssal Knight began the quest for the
                  | Orb.
     0 | Abyss:1  | Reached XP level 1. HP: 23/23 MP: 3/3
    44 | Abyss:1  | Found a corrupted altar of Lugonu.
    47 | Abyss:1  | Noticed a tentacled starspawn
    50 | Abyss:1  | Noticed an insubstantial wisp
    89 | Abyss:1  | Noticed a thrashing horror
    92 | D:1      | Escaped the Abyss
   366 | D:1      | Reached XP level 2. HP: 29/29 MP: 5/5
   515 | D:1      | Reached * piety under Lugonu
   834 | D:1      | Reached XP level 3. HP: 35/35 MP: 6/6
  1298 | D:2      | Noticed Terence
  1343 | D:2      | Killed Terence
  1343 | D:2      | Reached skill level 1 in Short Blades
  1343 | D:2      | Reached skill level 1 in Long Blades
  1343 | D:2      | Reached skill level 1 in Maces & Flails
  1343 | D:2      | Reached skill level 1 in Polearms
  1343 | D:2      | Reached skill level 1 in Staves
  1343 | D:2      | Reached skill level 1 in Slings
  1343 | D:2      | Reached skill level 1 in Bows
  1343 | D:2      | Reached skill level 1 in Crossbows
  1343 | D:2      | Reached skill level 1 in Throwing
  1343 | D:2      | Reached skill level 1 in Stealth
  1343 | D:2      | Reached skill level 1 in Shields
  1343 | D:2      | Reached skill level 1 in Unarmed Combat
  1343 | D:2      | Reached skill level 1 in Spellcasting
  1343 | D:2      | Reached skill level 1 in Evocations
  1343 | D:2      | Reached XP level 4. HP: 30/41 MP: 7/7
  1515 | D:2      | Reached skill level 1 in Conjurations
  1515 | D:2      | Reached skill level 1 in Hexes
  1515 | D:2      | Reached skill level 1 in Summonings
  1515 | D:2      | Reached skill level 1 in Necromancy
  1515 | D:2      | Reached skill level 1 in Translocations
  1515 | D:2      | Reached skill level 1 in Transmutations
  1515 | D:2      | Reached skill level 1 in Fire Magic
  1515 | D:2      | Reached skill level 1 in Ice Magic
  1515 | D:2      | Reached skill level 1 in Air Magic
  1515 | D:2      | Reached skill level 1 in Earth Magic
  1515 | D:2      | Reached skill level 1 in Poison Magic
  1776 | D:3      | Reached ** piety under Lugonu
  1910 | D:3      | Found a broken altar of Ashenzari.
  1948 | D:3      | Reached XP level 5. HP: 47/47 MP: 8/8
  2603 | D:4      | Reached skill level 5 in Invocations
  2603 | D:4      | Reached XP level 6. HP: 29/53 MP: 9/9
  2908 | D:4      | Reached skill level 5 in Axes
  2908 | D:4      | Reached skill level 5 in Armour
  3390 | D:4      | Reached XP level 7. HP: 58/59 MP: 10/10
  3664 | D:4      | Reached *** piety under Lugonu
  4009 | D:5      | Entered Level 5 of the Dungeon
  4013 | D:5      | Gained mutation: Your flesh is cold resistant. (rC+)
                  | [potion of mutation]
  4013 | D:5      | Gained mutation: You are resistant to electric shocks.
                  | (rElec) [potion of mutation]
  4013 | D:5      | Gained mutation: You are agile. (Dex +2) [potion of
                  | mutation]
  4270 | D:5      | Found a snail-covered altar of Cheibriados.
  4273 | D:5      | Found a broken altar of Ashenzari.
  4279 | D:5      | Found a radiant altar of Vehumet.
  4413 | D:5      | Found an opulent altar of Gozag.
  4669 | D:5      | Found a stormy altar of Qazlal.
  4669 | D:5      | Found a basalt altar of Yredelemnul.
  5015 | D:6      | Reached XP level 8. HP: 27/67 MP: 12/12
  5846 | D:6      | Found a runed translucent gate.
  5846 | D:6      | Noticed YoungGLord's ghost (amateur GrEE)
  5847 | D:6      | Found a runed translucent gate.
  5847 | D:6      | Identified the cursed +0 long sword of Flawed Execution
                  | {flame, Dex+6}
  5848 | D:6      | Found a runed translucent gate.
  5853 | D:6      | Found a roughly hewn altar of Beogh.
  5964 | D:6      | Killed YoungGLord's ghost
  5988 | D:6      | Cast into level 1 of the Abyss (orc)
  6041 | Abyss:1  | Noticed a tentacled starspawn
  6074 | Abyss:1  | Noticed a profane servitor
  6075 | D:6      | Escaped the Abyss
  6855 | D:7      | Reached XP level 9. HP: 61/72 MP: 14/14
  7037 | D:7      | Got an ancient trident
  7038 | D:7      | Identified the +8 trident of Yterok {venom, +Blink} (You
                  | found it on level 7 of the Dungeon)
  7052 | D:7      | Found a bloodstained altar of Trog.
  7151 | D:7      | Found a staircase to the Ecumenical Temple.
  7259 | D:7      | Found an ornate altar of the Wu Jian Council.
  7474 | D:8      | Reached skill level 5 in Dodging
  7480 | D:8      | Reached **** piety under Lugonu
  7809 | D:8      | Reached XP level 10. HP: 80/80 MP: 17/17
  7896 | D:8      | Found a staircase to the Lair.
  7931 | D:8      | Found a sparkling altar of Nemelex Xobeh.
  7967 | D:8      | Reached skill level 5 in Short Blades
  7967 | D:8      | Reached skill level 5 in Long Blades
  7967 | D:8      | Reached skill level 5 in Maces & Flails
  7967 | D:8      | Reached skill level 5 in Polearms
  7967 | D:8      | Reached skill level 5 in Staves
  7967 | D:8      | Reached skill level 5 in Slings
  7967 | D:8      | Reached skill level 5 in Bows
  7967 | D:8      | Reached skill level 5 in Crossbows
  7967 | D:8      | Reached skill level 5 in Throwing
  7967 | D:8      | Reached skill level 5 in Stealth
  7967 | D:8      | Reached skill level 5 in Shields
  7967 | D:8      | Reached skill level 5 in Unarmed Combat
  7967 | D:8      | Reached skill level 5 in Spellcasting
  7967 | D:8      | Reached skill level 5 in Evocations
  8557 | D:9      | Found Ibbemn's Distillery.
  8695 | D:9      | Noticed a two-headed ogre
  8706 | D:9      | Killed a two-headed ogre
  8987 | D:10     | Entered Level 10 of the Dungeon
  9021 | D:10     | Noticed a two-headed ogre
  9054 | D:9      | Killed a two-headed ogre
  9139 | D:10     | Reached XP level 11. HP: 71/87 MP: 19/19
  9278 | D:10     | Reached ***** piety under Lugonu
  9278 | D:10     | Reached skill level 5 in Conjurations
  9278 | D:10     | Reached skill level 5 in Hexes
  9278 | D:10     | Reached skill level 5 in Summonings
  9278 | D:10     | Reached skill level 5 in Necromancy
  9278 | D:10     | Reached skill level 5 in Translocations
  9278 | D:10     | Reached skill level 5 in Transmutations
  9278 | D:10     | Reached skill level 5 in Fire Magic
  9278 | D:10     | Reached skill level 5 in Ice Magic
  9278 | D:10     | Reached skill level 5 in Air Magic
  9278 | D:10     | Reached skill level 5 in Earth Magic
  9278 | D:10     | Reached skill level 5 in Poison Magic
  9364 | D:10     | Found a runed translucent gate.
  9364 | D:10     | Found a runed translucent gate.
  9364 | D:10     | Found a runed translucent gate.
  9364 | D:10     | Noticed Tman's ghost (novice TrFi)
  9364 | D:10     | Noticed a ten-headed hydra
  9381 | D:10     | Killed a ten-headed hydra
  9390 | D:10     | Banished Tman's ghost
  9420 | D:10     | Got a masterwork war axe
  9421 | D:10     | Identified the +11 war axe of the Ancients {elec, rPois
                  | Str+4 Int-5} (You found it on level 10 of the Dungeon)
  9968 | Lair:1   | Entered Level 1 of the Lair of Beasts
 10137 | Lair:1   | Noticed a seven-headed hydra
 10148 | Lair:1   | Killed a seven-headed hydra
 10520 | Lair:1   | Noticed Joseph
 10529 | Lair:1   | Killed Joseph
 10808 | Lair:2   | Reached XP level 12. HP: 96/96 MP: 22/22
 11053 | Lair:2   | Noticed a seven-headed hydra
 11073 | Lair:2   | Killed a seven-headed hydra
 11203 | Lair:2   | Noticed an eight-headed hydra
 11208 | Lair:2   | Banished an eight-headed hydra
 11289 | Lair:2   | Noticed a boulder beetle
 11327 | Lair:2   | Killed a boulder beetle
 11417 | Lair:2   | Noticed an eight-headed hydra
 11425 | Lair:2   | Banished an eight-headed hydra
 11428 | Lair:2   | Reached skill level 10 in Fighting
 12072 | Lair:3   | Reached XP level 13. HP: 103/103 MP: 24/24
 12915 | Lair:4   | Reached skill level 10 in Invocations
 13274 | Lair:4   | Found a staircase to the Shoals.
 13651 | Lair:4   | Found a hole to the Spider Nest.
 14457 | Lair:5   | Got a distressingly furry cloak
 14493 | Lair:5   | Reached XP level 14. HP: 110/111 MP: 26/26
 14508 | Lair:5   | Noticed Sonja
 14519 | Lair:5   | Killed Sonja
 14607 | Lair:5   | Reached skill level 10 in Axes
 14607 | Lair:5   | Reached skill level 10 in Armour
 14635 | Lair:5   | Found a staircase to the Slime Pits.
 15384 | Lair:6   | Entered Level 6 of the Lair of Beasts
 15470 | Lair:6   | Identified the cursed +0 cloak of Exowistri {Rampage +Fly
                  | rC-} (You found it on level 5 of the Lair of Beasts)
 15577 | Lair:6   | Found a runed translucent gate.
 15577 | Lair:6   | Found a runed translucent gate.
 15577 | Lair:6   | Found a runed translucent gate.
 15578 | Lair:6   | Noticed Rushoj's ghost (journeyman MiBe)
 16612 | Lair:6   | Noticed a dire elephant
 16631 | Lair:6   | Killed a dire elephant
 16693 | Lair:6   | Noticed a dire elephant
 16693 | Lair:6   | Noticed a dire elephant
 16708 | Lair:6   | Killed a dire elephant
 16720 | Lair:6   | Killed a dire elephant
 16998 | Lair:6   | Noticed a dire elephant
 17010 | Lair:6   | Killed a dire elephant
 17278 | D:11     | Reached skill level 10 in Dodging
 17393 | D:11     | Noticed Maurice
 17446 | D:11     | Killed Maurice
 17489 | D:11     | Reached XP level 15. HP: 116/119 MP: 28/28
 17500 | D:11     | Found a staircase to the Orcish Mines.
 17547 | D:11     | Found a transporter.
 17553 | D:11     | Found a bloodstained altar of Trog.
 17556 | D:11     | Found a transporter.
 17564 | D:11     | Noticed Unwyj's ghost (journeyman DgVM)
 17576 | D:11     | Mangled by a two-headed ogre

Illustrated notes

Levels and vault maps discovered:
D:1:      giann_bridges, layout_basic, minmay_misc_feat_chi, nrook_campfire
D:2:      layout_rooms, st_stairs_14, uniq_terence
D:3:      layout_rooms, corexii_leaking_fountain, minmay_misc_feat_iff,
          nicolae_ashenzari_panopticon
D:4:      layout_gridville, serial_undead, serial_undead_a, serial_undead_f,
          serial_undead_d, serial_undead_b, serial_undead_d, serial_undead_b,
          serial_undead_a, hangedman_abyss_or_decor_lesser_grid,
          hangedman_decor_opposing
D:5:      layout_loops_ring, grunt_temple_overflow_diamond,
          gammafunk_temple_overflow_pools, grunt_gozag_statues
D:6:      layout_basic, biasface_ghost_orc_armoury, kennysheep_decorative_pillar
D:7:      layout_basic, bloody_trog, minmay_temple_entry_ruins, basic_altar
D:8:      layout_rooms, minmay_lair_entry_grove, serial_rivers,
          chequers_serial_rivers_micro_d, chequers_serial_rivers_marsh,
          chequers_serial_rivers_room_b, chequers_serial_rivers_micro_b,
          chequers_serial_rivers_small_b, nemelex_spade_bored_becter
D:9:      layout_roguey, serial_shops, shop
D:10:     layout_basic, gammafunk_ghost_hydra_chop, st_stairs_8, abandoned_shop,
          hangedman_abyss_or_decor_jellyfish_corner, solitary_fountain,
          minmay_misc_feat_encased
D:11:     layout_roguey [special_room_kobold], erik_orc_1,
          gammafunk_ghost_wrathful_warriors, uniq_maurice
Lair:1:   layout_gridlike, lemuel_fruit_tree, uniq_joseph
Lair:2:   layout_regular_city, grunt_megastairs_5
Lair:3:   layout_regular_city, serial_bayou_lagoon_b
Lair:4:   layout_cave_pods, minmay_shoals_entry_centaurs,
          nicolae_spider_entry_orb_guardian
Lair:5:   layout_roguey, nicolae_slime_entry_slimehenge, beast_lair_carwin_5,
          uniq_sonja
Lair:6:   due_jungle_book, layout_regular_city, gammafunk_ghost_hydra_chop

Skill      XL: |  1  2  3  4  5  6  7  8  9 10 11 12 13 14 |
---------------+-------------------------------------------+-----
Short Blades   | 1 2 3 4 5 6 7 8 9 |  9.7
Long Blades    | 1 2 3 4 5 6 7 8 9 |  9.7
Maces & Flails | 1 2 3 4 5 6 7 8 9 |  9.7
Polearms       | 1 2 3 4 5 6 7 8 9 |  9.7
Staves         | 1 2 3 4 5 6 7 8 9 |  9.7
Slings         | 1 2 3 4 5 6 7 8 9 |  9.7
Bows           | 1 2 3 4 5 6 7 8 9 |  9.7
Crossbows      | 1 2 3 4 5 6 7 8 9 |  9.7
Throwing       | 1 2 3 4 5 6 7 8 9 |  9.7
Stealth        | 1 2 3 4 5 6 7 8 9 |  9.7
Shields        | 1 2 3 4 5 6 7 8 9 |  9.7
Unarmed Combat | 1 2 3 4 5 6 7 8 9 |  9.7
Spellcasting   | 1 2 3 4 5 6 7 8 9 |  9.7
Evocations     | 1 2 3 4 5 6 7 8 9 |  9.7
Conjurations   | 1 2 3 4 5 6 7 8 |  8.1
Hexes          | 1 2 3 4 5 6 7 8 |  8.1
Summonings     | 1 2 3 4 5 6 7 8 |  8.1
Necromancy     | 1 2 3 4 5 6 7 8 |  8.1
Translocations | 1 2 3 4 5 6 7 8 |  8.1
Transmutations | 1 2 3 4 5 6 7 8 |  8.1
Fire Magic     | 1 2 3 4 5 6 7 8 |  8.1
Ice Magic      | 1 2 3 4 5 6 7 8 |  8.1
Air Magic      | 1 2 3 4 5 6 7 8 |  8.1
Earth Magic    | 1 2 3 4 5 6 7 8 |  8.1
Poison Magic   | 1 2 3 4 5 6 7 8 |  8.1
Dodging        | 3 4 5 6 7 8 9 10 | 10.0
Invocations    | 5 6 7 8 9 10 11 | 11.4
Axes           | 5 6 7 8 9 10 | 10.6
Armour         | 5 6 7 8 9 10 | 10.6
Fighting       | 7 8 9 10 11 | 11.5

Action                   |  1- 3 |  4- 6 |  7- 9 | 10-12 | 13-15 || total
-------------------------+-------+-------+-------+-------+-------++-------
Melee: Hand axe          |   116 |   212 |   224 |       |       ||   552
       Bite              |     9 |    16 |    50 |    57 |   102 ||   234
       Punch             |       |     2 |     5 |     1 |       ||     8
       War axe           |       |       |    59 |   199 |   534 ||   792
       Trident           |       |       |   101 |   219 |    11 ||   331
Throw: Javelin           |       |       |       |     3 |     1 ||     4
Invok: Depart the Abyss  |     1 |       |     1 |       |       ||     2
       Banish            |       |       |       |     4 |     8 ||    12
       Bend Space        |       |       |       |       |     1 ||     1
  Use: Scroll            |     2 |     5 |    11 |     8 |     8 ||    34
       Potion            |       |       |     7 |       |       ||     7
 Stab: Confused          |       |       |       |       |     1 ||     1
Armor: Chain mail        |    69 |   120 |   245 |   284 |   315 ||  1033
Dodge: Dodged            |    47 |   156 |   243 |   219 |   306 ||   971
Block: Kite shield       |       |       |       |   203 |   408 ||   611

Table legend: (Time is in decaauts)
 A = Elapsed time spent in this place.
 B = Non-inter-level travel time spent in this place.
 C = Inter-level travel time spent in this place.
 D = Time resting spent in this place.
 E = Time spent auto-exploring this place.
 F = Levels seen in this place.
 G = Mean time per level.
                   A        B        C        D        E       F      G
               +--------+--------+--------+--------+--------+-----+--------+
         Total |  17753 |  17209 |    544 |   2090 |  10873 |  19 |  934.4 |
       Dungeon |  10321 |   9980 |    341 |   1195 |   6289 |  11 |  938.3 |
          Lair |   7253 |   7051 |    202 |    895 |   4504 |   6 | 1208.8 |
         Abyss |    178 |    178 |      0 |      0 |     80 |   2 |   89.0 |
               +--------+--------+--------+--------+--------+-----+--------+

Top non-repeatable levels by time:
  Lair:6: 1674 daAuts
     D:6: 1618 daAuts
     D:4: 1433 daAuts
  Lair:4: 1329 daAuts
  Lair:2: 1245 daAuts
  Lair:5: 1120 daAuts
     D:1: 1107 daAuts
     D:7: 1070 daAuts
  Lair:3: 1033 daAuts
    D:10: 957 daAuts
     D:8: 871 daAuts
     D:5: 864 daAuts
  Lair:1: 850 daAuts
     D:3: 817 daAuts
     D:9: 605 daAuts
